 Dungeon Crawl Stone Soup version 0.19-a0-1223-gf83d13a (webtiles) character file.

552 JustSomeDude the Shield-Bearer (level 7, -6/51 (53) HPs)
             Began as a Demonspawn Fighter on Aug 23, 2016.
             Was a Priest of Uskayaw.
             Mangled by FrancescoMac's ghost (13 damage)
             ... on level 6 of the Dungeon on Aug 24, 2016.
             The game lasted 00:07:31 (2776 turns).

JustSomeDude the Shield-Bearer (Demonspawn Fighter) Turns: 2776, Time: 00:07:32

HP:   -6/51 (53)    AC: 11    Str: 27    XL:     7   Next: 8%
MP:   7/7           EV: 10    Int:  9    God:    Uskayaw [***...]
Gold: 137           SH: 10    Dex: 12    Spells: 0 memorised, 6 levels left

rFire  . . .     SeeInvis .     a - +0 war axe
rCold  + . .     Gourm    .     q - +2 ring mail {rPois}
rNeg   . . .     Faith    .     c - +0 shield
rPois  +         Spirit   .     (no helmet)
rElec  .         Dismiss  .     (no cloak)
rCorr  .         Reflect  .     (no gloves)
MR     .....     Harm     .     i - +0 pair of boots
Stlth  +.........               x - amulet of rage
                                p - +3 ring of strength
                                n - +1 ring of protection

@: mighty
A: yellow scales 1, cold resistance 1, powered by pain 2, freezing cloud
immunity
a: Stomp, Line Pass, Renounce Religion, Evoke Berserk Rage


You were on level 6 of the Dungeon.
You worshipped Uskayaw.
Uskayaw was noncommittal.
You were hungry.

You visited 1 branch of the dungeon, and saw 6 of its levels.

You collected 137 gold pieces.

Inventory:

Hand Weapons
 a - a +0 war axe (weapon)
Missiles
 w - 6 javelins (quivered)
Armour
 b - a +0 scale mail
 c - a +0 shield (worn)
 i - a +0 pair of boots (worn)
 q - a +2 ring mail of poison resistance (worn)
Jewellery
 n - a +1 ring of protection (left hand)
 p - a +3 ring of strength (right hand)
 x - an amulet of rage (around neck)
Wands
 t - a wand of paralysis (6/24)
 y - a wand of teleportation (4/9)
Scrolls
 e - 2 scrolls of identify
 m - a scroll of fog {unknown}
 u - a scroll of remove curse {unknown}
 v - a scroll of random uselessness {unknown}
Potions
 h - 2 potions of magic {unknown}
 l - a potion of haste {unknown}
 o - 6 potions of curing {unknown}
 r - a potion of mutation {unknown}
 s - 2 potions of agility
Comestibles
 f - 3 bread rations
 g - a slice of pizza
 j - 2 beef jerkies
 k - 3 meat rations


   Skills:
 + Level 3.8 Fighting
 + Level 3.0 Axes
 + Level 3.6 Armour
 + Level 3.0 Dodging
 + Level 2.2 Stealth
 + Level 4.5 Shields
 + Level 0.4 Evocations


You had 6 spell levels left.
You didn't know any spells.

Dungeon Overview and Level Annotations

Branches:
Dungeon (6/15)
 Temple: D:4-7

Altars:
Dithmenos
Gozag
Hepliaklqana
Okawaru
Qazlal
Ru
Trog
Uskayaw
The Shining One

Annotations:
D:4 Nattefrost's ghost, novice HOFi
D:6 FrancescoMac's ghost, novice TrFi


Innate Abilities, Weirdness & Mutations

You are partially covered in yellow scales. (AC +2)
Your flesh is cold resistant. (rC+)
You sometimes gain power by taking damage.
You are immune to freezing clouds.


Message History

You kill the giant cockroach!
FrancescoMac's ghost is no longer paralysed.
FrancescoMac's ghost hits you.
You completely miss FrancescoMac's ghost.
FrancescoMac's ghost is lightly damaged.
FrancescoMac's ghost hits you!
* * * LOW HITPOINT WARNING * * *
You feel very mighty all of a sudden. FrancescoMac's ghost hits you!
* * * LOW HITPOINT WARNING * * *
There is an open door here.
You slash FrancescoMac's ghost!
FrancescoMac's ghost is lightly damaged.
FrancescoMac's ghost hits you but does no damage.
You block FrancescoMac's ghost's attack.
Uskayaw will force your foes to helplessly watch your dance.
You closely miss FrancescoMac's ghost.
FrancescoMac's ghost is lightly damaged.
FrancescoMac's ghost hits you!
You die...

###################
.................>#
######.######....#
#.# #....# #####'####
#....# #........#
#....# #........#
#.@..# #........#
#.W.## #........#
#...### #........#
#...'.# #........#
#...#.# ####........#
#####.#
............## #†#
.............##.....#
....####'#...##......


You could see FrancescoMac's ghost.

Vanquished Creatures
  An ice beast (D:5)
  A necrophage (D:6)
  A big kobold (D:5)
  A giant frog (D:5)
  A howler monkey (D:6)
  A hound (D:6)
  A jelly (D:5)
  A worker ant (D:5)
  3 adders
  An adder zombie (D:5)
  An adder skeleton (D:4)
  2 worms
  2 dart slugs (D:1)
  A giant gecko (D:5)
  6 orcs
  A ball python (D:2)
  9 bats
  4 giant cockroaches
  4 goblins
  6 hobgoblins
  3 jackals (D:2)
  9 kobolds
  3 quokkas
  3 giant newts
  A jackal skeleton (D:4)
  5 rats
72 creatures vanquished.

Notes
Turn   | Place    | Note
-------+----------+-------------------------------------------
     0 | D:1      | JustSomeDude the Demonspawn Fighter began the quest for the Orb.
     0 | D:1      | Reached XP level 1. HP: 18/18 MP: 1/1
   159 | D:1      | Gained mutation: You sometimes gain a little power by taking damage. [demonic ancestry]
   159 | D:1      | Reached XP level 2. HP: 15/24 MP: 2/2
   408 | D:1      | Reached skill level 3 in Shields
   538 | D:2      | Reached XP level 3. HP: 29/29 MP: 3/3
   562 | D:2      | Reached skill level 1 in Dodging
   691 | D:2      | Found a hide-covered altar of Uskayaw.
  1138 | D:2      | Became a worshipper of Uskayaw the Reveler
  1303 | D:3      | Found an iron altar of Okawaru.
  1313 | D:3      | Reached * piety under Uskayaw
  1320 | D:3      | Found a sacrificial altar of Ru.
  1328 | D:3      | Reached ** piety under Uskayaw
  1343 | D:3      | Found a glowing golden altar of the Shining One.
  1343 | D:3      | Found an opulent altar of Gozag.
  1348 | D:3      | Found a bloodstained altar of Trog.
  1353 | D:3      | Found a stormy altar of Qazlal.
  1407 | D:3      | Found a hazy altar of Hepliaklqana.
  1407 | D:3      | Found a shadowy altar of Dithmenos.
  1552 | D:3      | Gained mutation: You sometimes gain power by taking damage. [demonic ancestry]
  1552 | D:3      | Reached XP level 4. HP: 35/35 MP: 4/4
  1752 | D:4      | Noticed Nattefrost's ghost (novice HOFi)
  1788 | D:4      | Reached *** piety under Uskayaw
  1991 | D:5      | Entered Level 5 of the Dungeon
  2179 | D:5      | Gained mutation: Your flesh is cold resistant. (rC+) [demonic ancestry]
  2179 | D:5      | Reached XP level 5. HP: 30/41 MP: 5/5
  2214 | D:5      | Noticed an ice beast
  2423 | D:6      | Upgraded the game from 0.19-a0-1216-g363869b to 0.19-a0-1223-gf83d13a
  2423 | D:6      | Noticed a necrophage
  2486 | D:5      | Reached **** piety under Uskayaw
  2487 | D:5      | Killed an ice beast
  2487 | D:5      | Reached skill level 1 in Stealth
  2487 | D:5      | Reached skill level 4 in Shields
  2487 | D:5      | Gained mutation: You are partially covered in yellow scales. (AC +2) [demonic ancestry]
  2487 | D:5      | Reached XP level 6. HP: 31/47 MP: 6/6
  2753 | D:6      | Noticed FrancescoMac's ghost (novice TrFi)
  2754 | D:6      | Gained mutation: You are immune to freezing clouds. [demonic ancestry]
  2754 | D:6      | Reached XP level 7. HP: 50/51 MP: 7/7
  2776 | D:6      | Mangled by FrancescoMac's ghost

Vault maps used:
D:1:      dpeg_arrival_lava_temple_mockup
D:2:      nicolae_overflow_hidden_temple
D:3:      grunt_temple_overflow_open, gammafunk_temple_overflow_pools,
          minmay_misc_feat_chi, grunt_ministairs_6, okawaru_metal_pillars_1_2
D:4:      first_bread
D:5:      uniq_crazy_yiuf_cottage, uniq_menkaure
D:6:      serial_glass, glass_columns_a, glass_columns_a,
          kennysheep_windowed_goal, uniq_duvessa

Skill      XL: |  1  2  3  4  5  6  7 |
---------------+----------------------+-----
Shields        | 3 4 |  4.5
Dodging        | 1 2 3 |  3.0
Axes           | 2 3 |  3.0
Armour         | 3 |  3.6
Stealth        | 1 2 |  2.2
Fighting       | |  3.8
Evocations     | |  0.4

Action                   |  1- 3 |  4- 6 |  7- 9 || total
-------------------------+-------+-------+-------++-------
Melee: War axe           |   169 |   149 |    15 ||   333
Evoke: Wand              |       |     1 |       ||     1
  Use: Scroll            |       |     1 |       ||     1
       Potion            |       |       |     1 ||     1
 Stab: Paralysed         |       |    11 |     2 ||    13
  Eat: Chunk             |     2 |     4 |       ||     6
Armor: Scale mail        |    88 |       |       ||    88
       Ring mail         |       |    83 |     3 ||    86
Dodge: Dodged            |    60 |    62 |     5 ||   127
Block: Shield            |    92 |   101 |     9 ||   202
